Unix NetHack Version 5.0.0-0 post-release - last build May 10 2026 23:12:36 (d1fa5d53e341ca933230fdaa984d921c805b60aa,branch:main).

Game began 2026-05-15 09:21:33, ended 2026-05-15 09:31:37.

ArrBianca, lawful female dwarven Archeologist

                                    -------------
                                    |...........|
                                    |...........|
                                    ............|
                                    |...........|           .
                                    |.....|.<...|            .    ########0
                                    -------|--+--               ###    -.-.-
                                           #####                ##     .o@.|
                                             # ##                #     |...|
                                                #              ####    |...|
                                               ###           ### #     |F..|
                                               ###          #### #      ..?|
                                        --------|------      #-.-|-    |...|
                                        |.............+      #|...|    -----
                                        |.............|     ##|...|
                                        |..>.M........-###### |...|
                                        ---------------       -----

ArrBianca the Field Worker  St:12 Dx:12 Co:11 In:16 Wi:14 Ch:10  Lawful
Dlvl:5  $:62 HP:0(36) Pw:11(11) AC:9  Xp:4 T:1455  Burdened

Latest messages:
 That door is closed.
 That door is closed.
 The door opens.
 You have a little trouble lifting $ - 19 gold pieces (62 in total).
 You fall down the stairs.
 Something is engraved here on the headstone.
 You read: "Eternal Damnation, Come and stay a long while!"
 The gnome zombie hits!
 You lash the gnome zombie!
 You find a hidden door.
 You destroy the gnome zombie!
 The door resists!
 The door opens.
 That door is closed.
 The door resists!
 The door opens.
 You see here a statue of a kobold mummy.
 That door is closed.
 The door opens.
 You see here a violet gem.
 You have a little trouble lifting A - a violet gem.
 What do you want to use or apply? [ae-ix or ?*] g
 What do you want to rub on the stone? [$A or ?*] A
 A - an amethyst stone.
 The door opens.
 With great effort you move the boulder.
 You miss the hill orc.
 The hill orc hits!
 You lash the hill orc!
 The hill orc hits!
 You kill the hill orc!
 You see here a hill orc corpse.
 What do you want to use or apply? [ae-ix or ?*] p
 Sorry, I don't know how to use that.
 What do you want to use or apply? [ae-ix or ?*] f
 There is a hill orc corpse here; tin it? [ynq] (n) y
 B - a tin of hill orc meat.
 You miss the hill orc.
 The hill orc swings his curved sword.
 The hill orc hits!
 You lash the hill orc!
 The hill orc swings his curved sword.
 The hill orc hits!
 In what direction? h
 Snap!
 You lash the hill orc!
 The hill orc swings his curved sword.
 The hill orc hits!
 You die...
 Do you want an account of creatures vanquished? [ynaq] (y) q

Inventory:
 Coins    ('$')
  $ - 62 gold pieces
 Weapons  (')')
  n - 10 +0 shuriken
  a - a +4 bullwhip (weapon in left hand)
 Armor    ('[')
  c - an uncursed +0 fedora (being worn)
  t - an uncursed +0 pair of jumping boots
  b - an uncursed +0 leather jacket (being worn)
 Comestibles  ('%')
  d - 5 uncursed food rations
  w - an uncursed lembas wafer
  v - 2 uncursed tripe rations
  B - an uncursed homemade tin of hill orc meat
  l - 3 uncursed homemade tins of jackal meat
  j - 3 uncursed lichen corpses
 Scrolls  ('?')
  m - an uncursed scroll of confuse monster
  y - an uncursed scroll of teleportation
 Spellbooks  ('+')
  x - an uncursed spellbook of wizard lock
 Potions  ('!')
  p - an uncursed potion of healing
  r - 2 uncursed potions of water
 Tools    ('(')
  h - an empty uncursed sack
  i - an uncursed oil lamp
  e - a +0 pick-axe (alternate weapon; not wielded)
  f - a tinning kit (0:71)
 Gems/Stones  ('*')
  A - an uncursed amethyst stone
  g - an uncursed touchstone

ArrBianca the Archeologist's attributes:

Background:
 You were a Field Worker, a level 4 female dwarven Archeologist.
 You were lawful, on a mission for Quetzalcoatl
 who was opposed by Camaxtli (neutral) and Huhetotl (chaotic).
 You were left-handed.
 You were in the Dungeons of Doom, on level 5.
 You entered the dungeon 1455 turns ago.
 You had 123 experience points, 37 more were needed to attain level 5.

Basics:
 You had 0 out of 36 hit points.
 You had all 11 energy points (spell power).
 Your armor class was 9.
 Your wallet contained 62 zorkmids.
 Autopickup was on for '$?!/="+%' plus thrown, with exceptions.

Final Characteristics:
 Your strength was 12 (limit:18/100).
 Your dexterity was 12 (limit:20).
 Your constitution was 11 (limit:20).
 Your intelligence was 16 (limit:16).
 Your wisdom was 14 (limit:16).
 Your charisma was 10 (limit:16).

Final Status:
 You weren't hungry.
 You were burdened; movement was slightly slowed.
 You were wielding a whip.
 You had basic skill with whip.

Final Attributes:
 You were devoutly aligned.
 You had automatic searching.
 You had infravision.
 You were lucky.
 You are dead.

Miscellaneous:
 You didn't encounter any bones levels.
 Total elapsed playing time was 10 minutes and 4 seconds.

Major events:
 Turn
    1: ArrBianca the lawful female dwarven Archeologist entered the dungeon
  598: attained the rank of Field Worker (level 3)
 1455: killed by a hill orc

Spells:
 Name                 Level Category     Fail Retention
 wizard lock            2   matter        78%  76%-100%

Skills:
 Fighting Skills
   bare handed combat [Unskilled]
   two weapon combat  [Unskilled]
   riding             [Unskilled]
 Weapon Skills
   dagger             [Unskilled]
   knife              [Unskilled]
   pick-axe           [Basic]
   short sword        [Unskilled]
   saber              [Unskilled]
   club               [Unskilled]
   quarterstaff       [Unskilled]
   sling              [Unskilled]
   dart               [Unskilled]
   boomerang          [Unskilled]
   whip               [Basic]
   unicorn horn       [Unskilled]
 Spellcasting Skills
   attack spells      [Unskilled]
   healing spells     [Unskilled]
   divination spells  [Unskilled]
   matter spells      [Unskilled]

Voluntary challenges:
 Character rerolling was not enabled.
 You followed a strict vegan diet.
 You never had a pet.
 You never genocided any monsters.
 You never polymorphed an object.
 You never changed form.
 You used no wishes.
Achievement:
 You attained the rank of Field Worker.

 The Dungeons of Doom: levels 1 to 5
    Level 1:
    Level 2:
    Level 3:
       An altar, some fountains.
    Level 4:
    Level 5: <- You were here.
       A grave.
       Final resting place for
          you, killed by a hill orc.


Vanquished creatures:
  a kitten
  2 homunculi
  a hill orc
  3 coyotes
  a large kobold
  2 giant rats
  2 cave spiders
  a yellow mold
  a gnome zombie
  a gecko
  3 jackals
  a kobold
  2 goblins
  7 grid bugs
  a bat
  5 lichens
  2 kobold zombies
  3 newts
39 creatures vanquished.

No species were genocided or became extinct.

Game over:
                       ----------
                      /          \
                     /    REST    \
                    /      IN      \
                   /     PEACE      \
                  /                  \
                  |    ArrBianca     |
                  |      62 Au       |
                  | killed by a hill |
                  |       orc        |
                  |                  |
                  |                  |
                  |       2026       |
                 *|     *  *  *      | *
        _________)/\\_//(\/(/\)/\//\/|_)_______

Goodbye ArrBianca the Archeologist...

You died in The Dungeons of Doom on dungeon level 5 with 758 points,
and 62 pieces of gold, after 1455 moves.
You were level 4 with a maximum of 36 hit points when you died.

